 Dungeon Crawl Stone Soup version 0.28.0-53-g5a82cb258f (webtiles) character file.

Game seed: 17968697839388648362

17425 Kadoogan the Spear-Bearer (level 12, -12/123 HPs)
             Began as a Minotaur Berserker on June 16, 2022.
             Was a High Priest of Trog.
             Shot with an arrow by Nessos (19 damage)
             ... on level 12 of the Dungeon.
             The game lasted 00:48:14 (15505 turns).

Kadoogan the Spear-Bearer (Minotaur Berserker)     Turns: 15505, Time: 00:48:16

Health: -12/123    AC: 14    Str: 27    XL:     12   Next: 18%
Magic:  11/11      EV: 10    Int:  4    God:    Trog [*****.]
Gold:   568        SH: 13    Dex: 10    Spells: 11/11 levels left

rFire   . . .      SeeInvis +   h - +2 spear (vorpal)
rCold   . . .      Faith    .   q - +0 kite shield
rNeg    . . .      Spirit   .   p - +1 chain mail
rPois   .          Reflect  +   (helmet restricted)
rElec   .          Harm     .   (no cloak)
rCorr   .          Rampage  .   (no gloves)
Will    .....                   o - +0 pair of boots
Stlth   ..........              r - amulet of reflection
HPRegen 0.30/turn               k - +4 ring of slaying
MPRegen 0.12/turn               u - ring of see invisible

@: on berserk cooldown, slowed, very slow
A: horns 2, retaliatory headbutt, robust 1, MP-powered wands
a: Renounce Religion, Berserk, Trog's Hand, Brothers in Arms


You were on level 12 of the Dungeon.
You worshipped Trog.
Trog was extremely pleased with you.
You visited 1 branch of the dungeon, and saw 12 of its levels.

You collected 568 gold pieces.

Inventory:

Hand Weapons
 e - a +5 battleaxe
 g - a +3 spear
 h - a +2 vorpal spear (weapon)
 F - a +0 glaive
Missiles
 n - 26 poisoned darts
 w - a throwing net
Armour
 o - a +0 pair of boots (worn)
 p - a +1 chain mail (worn)
 q - a +0 kite shield (worn)
 x - +0 steam dragon scales
Jewellery
 k - a +4 ring of slaying (left hand)
 r - an amulet of reflection (around neck)
 u - a ring of see invisible (right hand)
 D - a ring of resist corrosion
Wands
 m - a wand of paralysis (6)
 t - a wand of acid (11)
 z - a wand of mindburst (6) (quivered)
Scrolls
 f - 8 scrolls of teleportation
 i - a scroll of fear
 j - 3 scrolls of fog
 s - 3 scrolls of identify
 v - a scroll of blinking
 C - a scroll of enchant armour
Potions
 a - a potion of attraction
 b - a potion of curing
 c - a potion of heal wounds
 d - a potion of flight {unknown}


   Skills:
 * Level 11.9 Fighting
 * Level 13.5 Polearms
 - Level 1.8 Throwing
 * Level 11.6 Armour
 * Level 9.7 Dodging
 - Level 2.1 Stealth
 + Level 4.9 Shields
 - Level 1.4 Evocations


You had 11 spell levels left.
You didn't know any spells.
Your spell library was empty.

Dungeon Overview and Level Annotations

Branches:
Dungeon (12/15)            Temple (0/1) D:6            Lair (0/6) D:8
    Orc: D:9-12

Altars:
Elyvilon
Nemelex Xobeh
Qazlal
Sif Muna
Trog
Vehumet

Shops:
D:4 *   D:5 :   D:6 *   D:7 *   D:11 [

Annotations:
D:8 3 runed translucent doors, DocClef's ghost, novice DrFi
D:12 Nessos


Innate Abilities, Weirdness & Mutations

You have a pair of horns on your head.
You reflexively headbutt those who attack you in melee.
You are robust. (+10% HP)
You expend magic power (3 MP) to strengthen your wands.


Message History

The arrow hits you!! The arrow burns you.
You are more poisoned.
You see here a +0 flail.
You feel a strong urge to attack something.
You feel extremely sick.
Nessos shoots an arrow.
The arrow barely misses you.
Nessos shoots an arrow.
The arrow hits you!
* * * LOW HITPOINT WARNING * * *
The arrow burns you.
You are more poisoned.
* * * LOW HITPOINT WARNING * * *
You are too berserk!
You are too berserk!
You are no longer berserk.
You are exhausted.
You feel yourself slow down.
* * * LOW HITPOINT WARNING * * *
You feel extremely sick.
Nessos casts a spell.
Nessos blinks!
You feel much better.
* * * LOW HITPOINT WARNING * * *
You feel extremely sick.
Nessos unwields a +2 longbow of flaming.
It stops flaming.
Nessos barely misses you. You furiously retaliate!
You headbutt Nessos! Nessos kicks you but does no damage.
You barely miss Nessos.
Nessos is moderately wounded.
* * * LOW HITPOINT WARNING * * *
You feel extremely sick. Nessos hits you but does no damage.
Nessos kicks you but does no damage.
Nessos casts a spell.
Nessos blinks!
You feel better.
Nessos wields a +2 longbow of flaming.
It bursts into flame!
Nessos shoots an arrow.
The arrow hits you!
* * * LOW HITPOINT WARNING * * *
The arrow burns you.
* * * LOW HITPOINT WARNING * * *
Nessos shoots an arrow.
The arrow hits you!!
You die...

########. .........
.)...#. #....# . #....#
..
.....#######+########...
........................
###...#.................
#...#....###).@ยง##..#
###...#...c..)..........
...........)..).........
########################


You could see Nessos (fast).

Vanquished Creatures
  The ghost of trickyswaf the Spear-Bearer, a journeyman MiFi of Ashenzari (D:10)
  3 boulder beetles
  3 two-headed ogres
  5 skeletal warriors (D:12)
  A cyclops (D:11)
  2 gargoyles
  3 kobold demonologists
  A troll (D:11)
  9 yaks
  2 wraiths (D:10)
  A vampire (D:9)
  2 steam dragons
  A vampire mosquito (D:10)
  The ghost of OhItsWolfy the Cudgeller, an amateur GrGl (D:3)
  An acid dragon (D:12)
  6 water moccasins
  Duvessa (D:5)
  An ice beast (D:6)
  6 orc warriors
  2 sky beasts
  3 ogres
  2 black bears
  A wolf (D:5)
  2 necrophages
  5 centaurs
  4 kobold brigands
  6 bullfrogs
  3 gnoll sergeants
  2 scorpions
  A wyvern zombie (D:6)
  A water moccasin skeleton (D:5)
  Dowan (D:5)
  13 wights
  4 killer bees (D:9)
  A howler monkey (D:10)
  3 bullfrog zombies
  2 centaur zombies
  2 jellies
  2 bullfrog skeletons
  A hound (D:6)
  2 centaur skeletons
  4 orc priests
  4 iguanas
  10 orc wizards
  A hound zombie (D:5)
  2 hound skeletons (D:4)
  10 adders
  30 gnolls
  A howler monkey skeleton (D:3)
  3 white imps
  An ufetubus (D:5)
  2 dart slugs
  31 orcs
  11 ball pythons
  11 endoplasms
  3 giant cockroaches
  12 goblins
  7 hobgoblins
  13 jackals
  A quokka (D:4)
  8 bats
  3 frilled lizards
  16 kobolds
  A quokka skeleton (D:4)
  5 rats
303 creatures vanquished.

Vanquished Creatures (others)
  A black bear (D:8)
  32 fungi (D:8)
  26 plants (D:8)
59 creatures vanquished.

Grand Total: 362 creatures vanquished

Notes
Turn   | Place    | Note
-------+----------+-------------------------------------------
     0 | D:1      | Kadoogan the Minotaur Berserker began the quest for the
                  | Orb.
     0 | D:1      | Reached XP level 1. HP: 19/19 MP: 0/0
   266 | D:1      | Reached skill level 4 in Polearms
   268 | D:1      | Reached XP level 2. HP: 27/27 MP: 1/1
   549 | D:1      | Found a faded altar of an unknown god.
  1002 | D:1      | Reached XP level 3. HP: 34/34 MP: 2/2
  1323 | D:2      | Reached ** piety under Trog
  2426 | D:3      | Reached XP level 4. HP: 32/41 MP: 3/3
  2439 | D:3      | Reached skill level 5 in Polearms
  2686 | D:3      | Found a transporter.
  2690 | D:3      | Noticed OhItsWolfy's ghost (amateur GrGl)
  2722 | D:3      | Found a transporter.
  3249 | D:3      | Reached XP level 5. HP: 47/47 MP: 4/4
  3891 | D:3      | Killed OhItsWolfy's ghost
  3892 | D:3      | Reached skill level 5 in Fighting
  3892 | D:3      | Reached skill level 6 in Polearms
  3892 | D:3      | Reached skill level 1 in Stealth
  3892 | D:3      | Reached XP level 6. HP: 31/56 MP: 5/5
  4141 | D:4      | Reached skill level 1 in Throwing
  4427 | D:4      | Reached XP level 7. HP: 45/62 MP: 6/6
  4813 | D:4      | Reached skill level 7 in Polearms
  4917 | D:4      | Found Heriwan's Mass Market.
  4952 | D:4      | Reached *** piety under Trog
  5279 | D:5      | Entered Level 5 of the Dungeon
  5328 | D:5      | Noticed a yak
  5328 | D:5      | Noticed a yak
  5329 | D:5      | Noticed a yak
  5332 | D:5      | Killed a yak
  5332 | D:5      | Killed a yak
  5332 | D:5      | Noticed a yak
  5333 | D:5      | Reached skill level 8 in Polearms
  5339 | D:5      | Killed a yak
  5340 | D:5      | Reached XP level 8. HP: 71/71 MP: 7/7
  5352 | D:5      | Reached skill level 1 in Evocations
  5381 | D:5      | Reached skill level 5 in Armour
  5540 | D:5      | Reached skill level 9 in Polearms
  5540 | D:5      | Reached skill level 1 in Shields
  5704 | D:5      | Found a shimmering blue altar of Sif Muna.
  5706 | D:5      | Found a radiant altar of Vehumet.
  5782 | D:5      | Noticed Duvessa
  5783 | D:5      | Noticed Dowan
  5790 | D:5      | Killed Duvessa
  5815 | D:5      | Killed Dowan
  6093 | D:5      | Found Desyp's Book Shop.
  6115 | D:5      | Gained mutation: You are robust. (+10% HP) [potion of
                  | mutation]
  6115 | D:5      | Gained mutation: You expend magic power (3 MP) to
                  | strengthen your wands. [potion of mutation]
  6398 | D:5      | Reached **** piety under Trog
  6478 | D:5      | Reached XP level 9. HP: 86/86 MP: 8/8
  7009 | D:6      | Found a stormy altar of Qazlal.
  7014 | D:6      | Found a bloodstained altar of Trog.
  7160 | D:6      | Identified the +12 dagger of the Modern Thickets {vorpal,
                  | Contam rC++ Str+3}
  7168 | D:6      | Reached skill level 10 in Polearms
  7664 | D:6      | Found a staircase to the Ecumenical Temple.
  8013 | D:6      | Found Mowad Dank's General Store.
  8092 | D:7      | Reached skill level 5 in Dodging
  8101 | D:7      | Found Hig Jaxt's Assorted Antiques.
  8390 | D:7      | Found a sparkling altar of Nemelex Xobeh.
  9045 | D:8      | Reached XP level 10. HP: 96/99 MP: 9/9
  9063 | D:8      | Reached skill level 11 in Polearms
  9235 | D:8      | Found a runed translucent gate.
  9235 | D:8      | Found a runed translucent gate.
  9235 | D:8      | Found a runed translucent gate.
  9235 | D:8      | Noticed DocClef's ghost (novice DrFi)
  9452 | D:8      | Reached ***** piety under Trog
  9504 | D:8      | Found a flagged portal.
  9601 | D:8      | Found a staircase to the Lair.
 10356 | D:9      | Noticed a two-headed ogre
 10373 | D:9      | Killed a two-headed ogre
 11407 | D:10     | Entered Level 10 of the Dungeon
 11420 | D:10     | Reached skill level 10 in Fighting
 11420 | D:10     | Reached skill level 12 in Polearms
 11723 | D:10     | Found a white marble altar of Elyvilon.
 11947 | D:10     | Noticed trickyswaf's ghost (journeyman MiFi)
 11957 | D:10     | Found a runed translucent gate.
 11957 | D:10     | Found a runed translucent gate.
 11959 | D:10     | Found a runed translucent gate.
 12002 | D:10     | Reached XP level 11. HP: 108/108 MP: 10/10
 12153 | D:10     | Killed trickyswaf's ghost
 12154 | D:10     | Reached skill level 10 in Armour
 12241 | D:11     | Noticed a boulder beetle
 12273 | D:11     | Killed a boulder beetle
 12429 | D:11     | Noticed a boulder beetle
 13023 | D:11     | Killed a boulder beetle
 13529 | D:11     | Noticed a two-headed ogre
 13542 | D:11     | Killed a two-headed ogre
 13896 | D:11     | Found Mokyniola's Armour Emporium.
 13983 | D:11     | Reached skill level 13 in Polearms
 14101 | D:11     | Noticed a two-headed ogre
 14114 | D:11     | Killed a two-headed ogre
 14683 | D:12     | Noticed a boulder beetle
 14697 | D:12     | Killed a boulder beetle
 14809 | D:12     | Noticed a skeletal warrior
 14810 | D:12     | Noticed a skeletal warrior
 14828 | D:12     | Killed a skeletal warrior
 14845 | D:12     | Killed a skeletal warrior
 14846 | D:12     | Reached XP level 12. HP: 35/121 MP: 11/11
 15455 | D:12     | Noticed a boulder beetle
 15455 | D:12     | Noticed a fire giant
 15456 | D:12     | Noticed a boulder beetle
 15457 | D:12     | Identified the +3 whip "Saprall" {holy, rElec rF+}
 15459 | D:12     | Noticed a six-headed hydra
 15484 | D:12     | Noticed Nessos
 15505 | D:12     | Shot with an arrow by Nessos

Illustrated notes

Levels and vault maps discovered:
D:1:      wander_arrival_chamber, layout_basic,
          dreamdust_ecumenical_altar_statues
D:2:      layout_basic
D:3:      minmay_angry_zag, layout_basic, gammafunk_ghost_arena,
          lemuel_old_faithful
D:4:      wander_river, layout_basic, serial_glass, glass_columns_b,
          glass_columns_c, minmay_shop_mass, chequers_mini_garden
D:5:      layout_cave_pods, mainiacjoe_overflow_catwalk_spiral,
          serial_gnoll_camp, gnoll_camp_mini_hut, gnoll_camp_mini_loothouse,
          gnoll_camp_mini_shop, gnoll_camp_mini_doghouse, enter_ossuary_5,
          uniq_duvessa
D:6:      layout_basic, grunt_temple_overflow_open,
          minmay_temple_entry_water_ring, serial_shops, nicolae_diamond_shop,
          minmay_manual_monolith
D:7:      layout_gridville, mainiacjoe_overflow_24_doors, hex_large,
          minmay_shop_grid_forest
D:8:      layout_cave_pods, due_lair_maze_entry_diamond,
          lightli_bailey_entry_fortress, gammafunk_ghost_nasty_kobolds,
          minmay_misc_feat_enclosed
D:9:      layout_basic
D:10:     layout_roguey, lemuel_doored_altar, gammafunk_ghost_split
D:11:     layout_loops_ring, serial_shops, nicolae_shop_waterfront
D:12:     nicolae_hexawheel, layout_stronghold, orc_david_3,
          nicolae_trove_entry_crystal, onia_ninara_dug_in_and_dangerous,
          uniq_nessos

Skill      XL: |  1  2  3  4  5  6  7  8  9 10 11 |
---------------+----------------------------------+-----
Polearms       | 4 5 6 8 9 10 12 13 | 13.5
Fighting       | 4 5 6 7 8 10 11 | 11.9
Dodging        | 3 4 5 7 9 |  9.7
Stealth        | 1 2 |  2.1
Throwing       | 1 |  1.8
Armour         | 4 5 8 9 11 | 11.6
Evocations     | 1 |  1.4
Shields        | 2 3 4 |  4.9

Action                   |  1- 3 |  4- 6 |  7- 9 | 10-12 || total
-------------------------+-------+-------+-------+-------++-------
Melee: Spear             |   110 |    97 |   368 |   523 ||  1098
       Headbutt          |    11 |    17 |    50 |   130 ||   208
       Punch             |     1 |       |     6 |     7 ||    14
       Halberd           |       |       |    38 |       ||    38
Throw: Dart              |     5 |     2 |    10 |    16 ||    33
Invok: Trog's Hand       |       |     2 |     1 |     7 ||    10
       Berserk           |       |     2 |     1 |     6 ||     9
       Brothers in Arms  |       |       |       |     1 ||     1
Evoke: Wand              |       |       |     7 |     4 ||    11
  Use: Scroll            |     3 |     1 |     6 |     3 ||    13
       Potion            |       |       |     8 |     5 ||    13
 Stab: Sleeping          |       |     2 |       |       ||     2
Armor: Animal skin       |    16 |     4 |       |       ||    20
       Chain mail        |       |     6 |   123 |    97 ||   226
Dodge: Dodged            |    45 |    31 |    85 |   110 ||   271
Block: Other             |       |       |    45 |    52 ||    97
       Reflection        |       |       |     4 |    11 ||    15
       Kite shield       |       |       |       |    56 ||    56
